Map: Ascension to Aiur LE

Players

Isszul - Winner!

  • Race: Zerg Zerg
  • League: Diamond
  • Spawn Location: 5:00

Alexander

  • Race: Terran Terran
  • League: Master
  • Spawn Location: 11:00

VOD

Have the link to the VOD?

Description

Time

  • Played on: Nov. 18, 2017, 9:45 a.m.
  • Length: 13:09
Show
View Real Time Build Order
Export as new Build Order

Isszul Zerg - Winner!

Build Orders: Hatch First 

Get SALT Encoding   

  12  0:00  Drone  
  13  0:11  Drone  
  14  0:16  Overlord  
  14  0:25  Extractor, Drone  
  15  0:35  Drone  
  15  0:36  Drone  
  17  0:52  Hatchery  
  17  0:55  Drone  
  17  0:59  Drone  
  18  1:09  Extractor  
  17  1:14  Spawning Pool  
  17  1:16  Drone  
  17  1:20  Drone  
  18  1:27  Drone  
  19  1:38  Overlord  
  19  1:49  Drone  
  20  2:00  Drone  
  20  2:01  Queen  
  23  2:04  Queen  
  23  2:05  Zergling x2  
  26  2:11  Drone  
  27  2:18  Drone  
  27  2:21  Zergling x2  
  29  2:27  Hatchery  
  29  2:30  Drone  
  29  2:38  Zergling x4  
  30  2:45  Drone  
  30  2:48  Queen  
  30  2:50  Drone  
  34  2:54  Metabolic Boost  
  34  3:03  Overlord  
  34  3:18  Drone  
  35  3:21  Queen, Drone  
  35  3:22  Overlord, Drone  
  35  3:24  Drone  
  35  3:25  Drone x2  
  42  3:33  Drone  
  43  3:39  Queen  
  45  3:41  Drone  
  45  3:42  Drone x2  
  45  3:44  Drone x2  
  45  3:48  Drone  
  51  3:51  Overlord  
  51  3:53  Drone  
  52  3:56  Drone  
  52  3:59  Queen  
  55  4:05  Overlord x3  
  55  4:10  Overlord  
  55  4:23  Queen x2  
  59  4:31  Spore Crawler  
  59  4:32  Drone x6  
  59  4:33  Drone  
  59  4:34  Queen  
  67  4:45  Spore Crawler  
  66  4:47  Drone x2, Zergling x4  
  66  4:48  Zergling x4  
  72  4:55  Zergling x4  
  72  4:58  Queen, Drone  
  77  5:00  Evolution Chamber, Drone x3  
  77  5:03  Evolution Chamber  
  77  5:05  Spine Crawler  
  77  5:09  Drone x3  
  77  5:10  Zergling x2  
  81  5:19  Overlord  
  79  5:36  Drone x2  
  79  5:39  Zerg Melee Weapons Level 1  
  81  5:43  Extractor  
  81  5:45  Extractor  
  81  5:48  Extractor, Drone x3  
  81  5:49  Drone x3  
  85  5:50  Drone x2  
  85  5:53  Queen  
  88  6:00  Queen  
  90  6:06  Hatchery  
  89  6:12  Drone  
  90  6:21  Overlord x5  
  89  6:42  Lair  
  89  6:46  Drone x9  
  98  6:47  Baneling Nest  
  97  7:01  Drone  
  97  7:02  Drone x6  
  97  7:04  Zerg Ground Armor Level 1  
  104  7:10  Zergling x4  
  106  7:16  Extractor x2  
  106  7:19  Extractor x2, Zergling x12  
  106  7:20  Overlord  
  108  7:26  Hatchery  
  108  7:27  Zergling x2  
  108  7:28  Zergling x6  
  111  7:34  Zergling x10  
  116  7:40  Zergling x6  
  116  7:42  Baneling x9  
  116  7:43  Baneling x11  
  119  7:54  Zergling x18  
  128  8:02  Centrifical Hooks  
  128  8:04  Drone  
  128  8:05  Drone x5  
  133  8:06  Drone  
  134  8:24  Overseer  
  133  8:29  Zergling x4  
  133  8:30  Zergling x20  
  142  8:39  Zergling x14  
  130  9:05  Zerg Melee Weapons Level 2  
  130  9:07  Zerg Ground Armor Level 2  
  130  9:08  Queen, Hatchery  
  131  9:12  Infestation Pit  
  131  9:13  Zergling x8  
  131  9:14  Zergling x22  
  131  9:16  Hydralisk Den  
  143  9:22  Drone x3  
  143  9:23  Drone x3  
  143  9:24  Overlord x5  
  149  9:27  Baneling  
  149  9:37  Overlord x2  
  149  9:38  Overlord  
  149  9:56  Zergling x34  
  149  9:57  Zergling x8  
  170  10:07  Zergling x4  
  170  10:09  Hydralisk x3  
  169  10:21  Zergling x22  
  177  10:36  Muscular Augments, Hive  
  177  10:42  Hydralisk x3  
  177  10:43  Hydralisk x8  
  177  10:45  Zergling x2  
  200  11:12  Extractor  
  200  11:14  Extractor  
  198  11:23  Baneling x8  
  198  11:24  Baneling x4, Hydralisk  
  200  11:29  Baneling x9  
  200  11:30  Baneling x25  
  199  11:40  Zergling x8  
  199  11:44  Zergling x34  
  199  11:45  Zergling x4  
  174  11:47  Zergling x32  
  174  11:50  Zergling x18  
  174  11:51  Zergling x8  
  180  11:59  Zergling x10  
  185  12:04  Zergling x8  
  189  12:11  Zergling x10  
  189  12:12  Zergling x2  
  189  12:14  Baneling  
  189  12:15  Baneling x2  
  195  12:30  Ultralisk Cavern  
  195  12:35  Baneling x2  
  195  12:40  Zergling x12  
  195  12:41  Zergling x2  
Show
View Real Time Build Order
Export as new Build Order

Alexander Terran 

Build Orders: Reaper Expand, MMM Bio 

Get SALT Encoding   

  12  0:00  SCV  
  13  0:12  SCV  
  14  0:17  Supply Depot  
  14  0:24  SCV  
  15  0:29  Refinery  
  15  0:39  SCV  
  16  0:45  Barracks  
  16  0:51  SCV  
  17  1:03  SCV  
  18  1:15  SCV  
  19  1:31  Orbital Command  
  19  1:32  Reaper  
  20  1:44  Command Center  
  20  1:58  SCV  
  21  2:02  Barracks  
  21  2:10  Refinery, SCV, Barracks Reactor  
  22  2:20  Factory  
  22  2:22  SCV  
  23  2:32  Supply Depot  
  23  2:53  SCV  
  23  2:54  Marine x2, Barracks Tech Lab  
  26  2:59  Orbital Command  
  26  3:05  SCV  
  27  3:13  Starport, Factory Reactor  
  27  3:14  Marine  
  27  3:17  SCV  
  27  3:18  Marine  
  27  3:19  Marine  
  31  3:26  Stimpack, SCV  
  32  3:31  Marine  
  33  3:35  SCV  
  33  3:36  Marine  
  33  3:37  Marine  
  33  3:41  SCV  
  37  3:49  Supply Depot, Marine  
  37  3:50  SCV  
  37  3:53  Marine  
  40  4:03  SCV  
  40  4:04  SCV  
  40  4:06  Marine  
  40  4:07  Medivac, Marine  
  46  4:10  Medivac  
  46  4:12  Supply Depot  
  46  4:16  SCV x2  
  50  4:20  Supply Depot, Marine  
  50  4:22  Factory Tech Lab  
  51  4:24  Marine  
  51  4:28  SCV x2  
  54  4:33  Marine  
  55  4:39  Engineering Bay  
  55  4:40  SCV x2  
  55  4:44  Supply Depot  
  55  4:45  Marine x2  
  59  4:52  Marine  
  60  4:53  Siege Tank  
  60  4:54  Medivac  
  60  4:55  SCV  
  60  4:58  SCV  
  67  5:03  Marine  
  68  5:07  SCV  
  68  5:10  SCV  
  68  5:13  Command Center  
  70  5:15  Marine x2  
  70  5:20  Marine  
  73  5:26  Medivac x2  
  77  5:33  Marine x2  
  69  5:37  SCV x2  
  69  5:38  Marine  
  69  5:39  Terran Infantry Weapons Level 1  
  69  5:42  Engineering Bay  
  72  5:43  Refinery  
  72  5:45  Refinery  
  72  5:47  Supply Depot  
  72  5:51  Supply Depot, Marine x2  
  72  5:53  SCV x2  
  72  5:56  Marine  
  76  6:09  Siege Tank, Marine x2  
  76  6:11  Supply Depot  
  81  6:14  Marine  
  81  6:15  Supply Depot  
  81  6:18  Terran Infantry Armor Level 1  
  82  6:26  Orbital Command, Marine x2  
  82  6:32  Marine  
  84  6:39  Medivac  
  85  6:40  Medivac, SCV  
  85  6:44  Marine x2  
  90  6:47  Siege Tank  
  90  6:49  Marine  
  94  7:02  Orbital Command, Marine x2  
  94  7:07  Marine  
  97  7:11  Supply Depot  
  97  7:12  Supply Depot  
  97  7:19  Siege Tank  
  97  7:20  Marine x2  
  102  7:25  Marine  
  103  7:38  Marine x2  
  103  7:43  Marine  
  106  7:52  Medivac x2  
  106  7:55  Marine x2  
  112  8:00  SCV x3  
  112  8:01  Marine  
  116  8:07  Armory  
  116  8:11  Barracks x2  
  116  8:12  SCV x2  
  118  8:13  Barracks, Marine x2  
  118  8:18  Marine  
  121  8:31  Marine  
  100  8:48  SCV x3, Marine x2  
  94  8:49  Medivac x2, Siege Tank, Marine  
  94  8:52  Combat Shields  
  104  8:59  Factory  
  104  9:00  Barracks Reactor x3  
  104  9:01  SCV x3  
  107  9:05  Terran Infantry Weapons Level 2  
  107  9:06  Terran Infantry Armor Level 2, Marine x2  
  107  9:07  Marine  
  110  9:10  Terran Vehicle Weapons Level 1  
  110  9:11  Barracks  
  110  9:12  Barracks  
  110  9:13  SCV x3  
  113  9:24  Marine x3  
  113  9:25  SCV x2  
  113  9:29  SCV  
  119  9:31  Refinery  
  119  9:33  Medivac, Refinery, Siege Tank  
  119  9:37  SCV x2  
  119  9:38  Supply Depot x2  
  126  9:39  Supply Depot  
  126  9:41  SCV, Marine  
  126  9:42  Marine x2  
  130  9:46  Marine  
  130  9:47  Marine x4  
  130  9:49  SCV  
  136  9:55  Marine  
  136  9:59  Marine x2  
  138  10:00  Marine  
  113  10:28  Marine  
  113  10:29  Marine x8  
  113  10:30  Siege Tank  
  113  10:31  Medivac, Factory Tech Lab  
  127  10:46  Marine  
  127  10:47  Marine x8  
  127  10:49  Barracks Reactor x2  
  136  10:51  SCV x2  
  136  10:56  Command Center  
  136  10:57  Command Center  
  138  11:00  Siege Tank  
  138  11:02  Siege Tank  
  144  11:04  Marine  
  144  11:05  Marine  
  144  11:07  Marauder  
  144  11:09  Barracks Tech Lab  
  144  11:10  Barracks Tech Lab  
  148  11:13  Marine x5  
  148  11:15  Marine  
  154  11:21  Supply Depot  
  154  11:22  Supply Depot, Marine x2  
  156  11:28  Marauder  
  157  11:35  Unknown  
  157  11:36  Unknown x2  
  89  11:54  Marine  
  89  11:55  Marine x10  
  89  11:56  Siege Tank x2  
  97  12:03  Medivac x2  
  101  12:12  Marine  
  101  12:13  Marine x10  
  110  12:30  Marine x4  
Tags
 
Add a new tag
Caveats
  • Supply blocks, unpowered buildings, or Contaminate may cause inaccurate times.
  • Supply counts are checked every 10 seconds.